AoeStats
← 米德维奇小学副校长

Arabia

510460619Analyzed
1v1 RM · 1d ago on Oct 1, 2026· 43m 30s· 2 players
Game mode
Random Map
Map size
Tiny (2 player)
Population
200
Speed
Normal
Resources
Standard
Victory
Conquest
Starting age
Dark Age
Ending age
Imperial Age
RankedLock teamsTeams togetherTeam positionsShared explorationLock speedFull tech treeHidden civsTurbo modeCheats
Victory
Defeat
1120
+17
🇨🇳 Goths · China
1131
-17
米德维奇小学副校长
3:52 Loom
10:36 Feudal Age
14:16 Castle Age
12:21 Horse Collar
12:31 Double-Bit Axe
18:16 Fletching
20:51 Horse Collar
24:09 Heavy Plow
24:30 Gold Mining
24:29 Champi Runner
26:40 Bow Saw
28:40 Wheelbarrow
27:53 Town Watch
27:55 Loom
29:57 Gold Shaft Mining
29:13 Stone Mining
30:00 Town Patrol
35:16 Imperial Age
33:44 Bodkin Arrow
33:50 Padded Archer Armor
35:22 Elite Bolas Rider
39:07 Malon
41:33 Chemistry
40:53 Ballistics
42:44 Siege Engineers
44:05 Hand Cart
T - T
5:47 Loom
8:50 Feudal Age
18:36 Castle Age
17:31 Fletching
18:15 Double-Bit Axe
18:43 Horse Collar
19:27 Elite Skirmisher
22:31 Town Watch
24:21 Padded Archer Armor
24:26 Man-at-Arms
26:14 Bow Saw
28:34 Wheelbarrow
32:51 Imperial Age
32:25 Forging
32:15 Scale Mail Armor
32:26 Squires
31:46 Long Swordsman
34:18 Conscription
36:17 Bodkin Arrow
36:38 Leather Archer Armor
37:58 Chemistry
37:33 Two-Handed Swordsman
41:18 Capped Ram
43:19 Hand Cart
Connection lost

Rejoining the realm…

Still unreachable

The connection could not be restored.

Session expired

The server has moved on; the page needs a fresh start.